 Dungeon Crawl Stone Soup version 0.23.0 (webtiles) character file.

Game seed: 10975506304604960606

33 elfaar the Firebug (level 3, -17/26 HPs)
             Began as a Draconian Fire Elementalist on Feb 16, 2019.
             Killed from afar by a jackal (43 damage)
             ... with an exploding inner flame
             ... hexed by the player character
             ... on level 2 of the Dungeon.
             The game lasted 00:20:20 (1113 turns).

elfaar the Firebug (Draconian Fire Elementalist)    Turns: 1113, Time: 00:20:25

Health: -17/26     AC:  5    Str: 10    XL:     3   Next: 12%
Magic:  2/6        EV: 12    Int: 16    God:
Gold:   43         SH:  0    Dex: 11    Spells: 0/6 levels left

rFire    . . .     SeeInvis .   k - +1 spear (pierce)
rCold    . . .     Gourm    .   (no shield)
rNeg     + . .     Faith    .   (armour unavailable)
rPois    .         Spirit   .   (helmet restricted)
rElec    .         Reflect  .   (no cloak)
rCorr    .         Harm     .   (no gloves)
MR       .....                  (no boots)
Stlth    ++........             (no amulet)
HPRegen  0.08/turn              f - ring of positive energy
MPRegen  0.10/turn              (no ring)

@: no status effects
A: unfitting armour, cold-blooded, AC +5
a: no special abilities


You were on level 2 of the Dungeon.
You were not hungry.

You visited 1 branch of the dungeon, and saw 4 of its levels.

You collected 43 gold pieces.

Inventory:

Hand Weapons
 a - a +0 dagger
 c - a +0 short sword
 k - a +1 spear of piercing (weapon)
Missiles
 d - 43 stones (quivered)
 i - 4 poisoned needles
 l - 13 arrows
Armour
 h - a +0 pair of gloves
Jewellery
 f - a ring of positive energy (left hand)
Scrolls
 j - a scroll of teleportation
Potions
 e - a potion of brilliance
 g - a potion of degeneration {unknown}
Comestibles
 b - 2 rations


   Skills:
 + Level 0.4 Short Blades
 + Level 0.1 Throwing
 + Level 2.0 Dodging
 + Level 2.1 Stealth
 + Level 2.1 Spellcasting
 + Level 1.1 Conjurations
 + Level 3.6 Fire Magic


You couldn't memorise any spells.
You knew the following spells:

 Your Spells              Type           Power        Failure   Level  Hunger
a - Flame Tongue          Conj/Fire      #....        8%          1    #......
b - Throw Flame           Conj/Fire      #.....       12%         2    ###....
c - Inner Flame           Hex/Fire       #.......     28%         3    ###....

Your spell library contained the following spells:

 Spells                   Type           Power        Failure   Level  Hunger
 Conjure Flame            Conj/Fire      #.......     22%         3    ###....
 Sticky Flame             Conj/Fire      #.......     58%         4    #####..
 Fireball                 Conj/Fire      #.........   91%         5    ######.


Dungeon Overview and Level Annotations

Branches:
Dungeon (4/15)
 Temple: D:4-7

Altars:

Annotations:
D:2 Terence


Innate Abilities, Weirdness & Mutations

Your plain brown scales are hard. (AC +5)
You cannot fit into any form of body armour.
You are cold-blooded and may be slowed by cold attacks.


Message History

The jackal barely misses you. Terence says, "Did you write a will?
You should..."
Casting: Throw Flame (safe; 12% risk of failure)
Confirm with . or Enter, or press ? or * to list all spells.
Aiming: Inner Flame (safe; 28% risk of failure)
Press: ? - help, Shift-Dir - straight line, f - jackal, p - Terence
Aim: a jackal (chance to defeat MR: 68%)
The jackal is filled with an inner flame.
The jackal barely misses you.
The jackal bites you but does no damage.
Terence shouts, "Get ready for death!"
You hit the jackal but do no damage. The jackal barely misses you.
The jackal misses you.
You hit the jackal.
The jackal explodes!
The fiery explosion engulfs the jackal!
You kill the jackal!
The fiery explosion engulfs you!!!
Ouch! That really hurt!
You die...

#####.# #...#. ##. #.#.#. ...# ##
# #....# #... <# #.#....### #.#.
..(##.....l..# #.#.##
...#...h.....# #.#..#
##.#.###..#..##########.##.##.###
....>.....l@ยงยง@.........>.....#
##.#....##.#############.##.#.#
.#.#.....##............# .#
#.#.######............##.# ##
#.#.#....................# ...
#.#.##.##..............# #.. #.#.
#)##..............# #...#.#
#.##..............# #....<#
#.##.######'#.###..#


You could see Terence and a frilled lizard.

Vanquished Creatures
  4 goblins
  3 hobgoblins (D:1)
  A jackal (D:2)
  A quokka (D:2)
  3 bats
  A frilled lizard (D:2)
  6 kobolds
  17 rats (D:1)
36 creatures vanquished.

Notes
Turn   | Place    | Note
-------+----------+-------------------------------------------
     0 | D:1      | elfaar the Draconian Fire Elementalist began the quest for
                  | the Orb.
     0 | D:1      | Reached XP level 1. HP: 14/14 MP: 3/3
    95 | D:1      | Reached XP level 2. HP: 20/20 MP: 3/5
   320 | D:1      | You fall through a shaft!
   831 | D:1      | Reached XP level 3. HP: 26/26 MP: 4/6
   835 | D:1      | Learned a level 2 spell: Throw Flame
   839 | D:1      | Learned a level 3 spell: Inner Flame
  1097 | D:2      | Noticed Terence
  1113 | D:2      | Killed from afar by a jackal

Skill      XL: |  1  2 |
---------------+-------+-----
Stealth        | 2 |  2.1
Dodging        | 2 |  2.0
Short Blades   | |  0.4
Throwing       | |  0.1
Spellcasting   | |  2.1
Conjurations   | |  1.1
Fire Magic     | |  3.6

Action                   || total
-------------------------++-------
Melee: Dagger            ||    28
       Tailslap          ||     6
       Short sword       ||     3
       Spear             ||     4
Throw: Stone             ||    23
 Cast: Flame Tongue      ||    33
       Throw Flame       ||     5
       Inner Flame       ||     1
  Use: Scroll            ||     3
  Eat: Ration            ||     1
Armor: Skin              ||    12
Dodge: Dodged            ||    36
